[Event "Late-Titled-Tuesday-Blitz-October-10-2023"]
[Site "Chess.com"]
[Date "2023.10.10"]
[Round "11"]
[White "GoldenShare"]
[Black "bettercallcafu"]
[Result "1-0"]
[WhiteElo "2549"]
[BlackElo "2645"]
[TimeControl "180+1"]
[EndTime "15:56:57 PDT"]
[Termination "GoldenShare won by resignation"]

1. e4 e6 2. d4 d5 3. Bd3 dxe4 4. Bxe4 Nf6 5. Bf3 c5 6. Ne2 Nc6 7. Be3 cxd4 8. Nxd4 Nxd4 9. Qxd4 Qxd4 10. Bxd4 Be7 11.
c4 O-O 12. Nc3 Rd8 13. Be3 e5 14. O-O Bg4 15. Bxb7 Rab8 16. Bd5 Rxb2 17. Bxa7 Bb4 18. Nd1 Bxd1 19. Rfxd1 Kf8 20. Be3 Rc2 21. a4 Nxd5 22. cxd5 Bc5 23. a5 Bxe3 24. fxe3 e4 25. a6 Rc7 26. a7 Ra8 27. d6 Rcxa7 28. Rxa7 Rxa7 29.
d7 1-0

[Event "Late-Titled-Tuesday-Blitz-October-10-2023"]
[Site "Chess.com"]
[Date "2023.10.10"]
[Round "11"]
[White "Dr_crypt"]
[Black "TheMagician"]
[Result "1-0"]
[WhiteElo "2392"]
[BlackElo "2216"]
[TimeControl "180+1"]
[EndTime "15:56:58 PDT"]
[Termination "Dr_crypt won by resignation"]

1. e4 c5 2. Nf3 Nc6 3. d4 cxd4 4. Nxd4 Nf6 5. f3 e5 6. Nb5 d6 7. c4 a6 8. N5c3 h6 9. Be3 Be7 10. Be2 Nd7 11. O-O Nc5 12. Nd5 Bg5 13. Bf2 Be6 14.
Nbc3 Bxd5 15. cxd5 O-O 16. dxc6 bxc6 17. Bxc5 dxc5 18. Qxd8 Rfxd8 19. Rfd1 Rdb8 20. b3 Be3+ 21. Kf1 Bd4 22. Rac1 a5 23. Na4 f5 24. exf5 Rf8 25.
Bd3 g6 26. fxg6 Rf4 27. Nxc5 Raf8 28. Ne6 e4 29. Bxe4 1-0

[Event "Late-Titled-Tuesday-Blitz-October-10-2023"]
[Site "Chess.com"]
[Date "2023.10.10"]
[Round "11"]
[White "WDCH"]
[Black "Alphafischer2019"]
[Result "0-1"]
[WhiteElo "2707"]
[BlackElo "2590"]
[TimeControl "180+1"]
[EndTime "15:57:08 PDT"]
[Termination "Alphafischer2019 won by checkmate"]

1. Nc3 c5 2. e4 Nc6 3. Nf3 g6 4.
Bc4 Bg7 5. O-O e6 6. d3 Nge7 7. Bd2 h6 8. Bb3 d5 9. Qc1 g5 10. exd5 exd5 11. Re1 O-O 12. Ne2 Bg4 13. Ng3 Bxf3 14.
gxf3 Nd4 15. Kg2 Ng6 16. f4 Nh4+ 17. Kf1 Qd7 18. f5 Ndxf5 19. Nxf5 Qxf5 20. Re3 Bd4 21.
c3 Bxe3 22. Bxe3 Qxd3+ 23. Kg1 Qf5 24. Qd1 Qh3 25. Kh1 Qg2# 0-1

[Event "Late-Titled-Tuesday-Blitz-October-10-2023"]
[Site "Chess.com"]
[Date "2023.10.10"]
[Round "11"]
[White "Binary010"]
[Black "Oleksandr_Bortnyk"]
[Result "0-1"]
[WhiteElo "2833"]
[BlackElo "3034"]
[TimeControl "180+1"]
[EndTime "15:57:25 PDT"]
[Termination "Oleksandr_Bortnyk won by resignation"]

1. e4 Nf6 2. e5 Nd5 3. d4 d6 4.
c4 Nb6 5. exd6 exd6 6. Nc3 Be7 7. Bd3 O-O 8. Nge2 c6 9. O-O Na6 10. a3 d5 11. c5 Nd7 12. b4 Nc7 13. Bf4 Ne6 14. Bg3 Bf6 15. Bc2 a6 16. Qd3 g6 17. a4 Ng7 18. Bd6 Re8 19. Ng3 h5 20. Qd2 h4 21. Nge2 h3 22. g3 Nf8 23. Rfe1 Nfe6 24.
b5 Ng5 25. Kh1 Nf3 26. Qd3 Nxe1 27. Rxe1 axb5 28. axb5 Bf5 29. Qd1 Bxc2 30. Qxc2 Nf5 0-1

[Event "Late-Titled-Tuesday-Blitz-October-10-2023"]
[Site "Chess.com"]
[Date "2023.10.10"]
[Round "11"]
[White "Defenstrator"]
[Black "pinguino120"]
[Result "1-0"]
[WhiteElo "2401"]
[BlackElo "2240"]
[TimeControl "180+1"]
[EndTime "15:57:30 PDT"]
[Termination "Defenstrator won by resignation"]

1. Nf3 d5 2. e4 dxe4 3. Ng5 c6 4. d3 exd3 5. Bxd3 Nf6 6. Nxf7 Qa5+ 7. Bd2 Qb6 8. Nxh8 e5 9. Qe2 Qxb2 10. Bc3 Bb4 11.
Qxe5+ Kf8 12. O-O Nbd7 13. Bxb4+ Qxb4 14. Qe6 Qe7 15. Qxe7+ Kxe7 16. Bc4 b5 17. Re1+ Kf8 18. Bb3 Nc5 19. Nc3 Nxb3 20. Rad1 Bg4 21. f3 Bf5 22.
cxb3 Kg8 23. g4 Bg6 24. Nxg6 1-0

[Event "Late-Titled-Tuesday-Blitz-October-10-2023"]
[Site "Chess.com"]
[Date "2023.10.10"]
[Round "11"]
[White "Pomberito2"]
[Black "vyprd"]
[Result "1-0"]
[WhiteElo "2473"]
[BlackElo "2344"]
[TimeControl "180+1"]
[EndTime "15:57:36 PDT"]
[Termination "Pomberito2 won by resignation"]

1. d4 d5 2. Nf3 e6 3. c4 Nf6 4. g3 c6 5. Nbd2 b6 6. Bg2 a5 7. O-O Ba6 8. Qc2 Bb4 9. b3 O-O 10.
Ne5 Nfd7 11. Ndf3 a4 12. Bf4 h6 13. Rac1 g5 14. Bxg5 hxg5 15. h4 Nxe5 16. dxe5 gxh4 17. gxh4 Be7 18. Kh2 Kh8 19. Ng5 Bxg5 20. hxg5 Qxg5 21.
Rh1 Kg7 22. Rcg1 Rh8+ 23. Bh3 Qxg1+ 24. Rxg1+ Kf8 25. cxd5 exd5 26. Qf5 axb3 27. Qf6 Rxh3+ 28. Kxh3 Nd7 29. Qd6+ Ke8 30. Rg8+ 1-0

[Event "Late-Titled-Tuesday-Blitz-October-10-2023"]
[Site "Chess.com"]
[Date "2023.10.10"]
[Round "11"]
[White "Grossboss19"]
[Black "martinez_95"]
[Result "0-1"]
[WhiteElo "2459"]
[BlackElo "2243"]
[TimeControl "180+1"]
[EndTime "15:58:07 PDT"]
[Termination "martinez_95 won by resignation"]

1. e4 c5 2. Nf3 d6 3. d4 cxd4 4. Nxd4 Nf6 5. Nc3 a6 6. Be3 e5 7.
Nb3 Be6 8. f3 Nbd7 9. Be2 Rc8 10. Qd2 Nb6 11. Na5 Qc7 12. O-O Be7 13. Kh1 O-O 14.
g4 Rfd8 15. Rad1 d5 16. exd5 Nbxd5 17. Nxd5 Rxd5 18. Qe1 Qxa5 19. Rxd5 Qxe1 20. Rxe1 Nxd5 21. Bd2 Rxc2 22. Rd1 h6 23. Bd3 Rxb2 24. Be4 Nf6 25. Bc3 Nxe4 26. fxe4 Rxa2 0-1

[Event "Late-Titled-Tuesday-Blitz-October-10-2023"]
[Site "Chess.com"]
[Date "2023.10.10"]
[Round "11"]
[White "FMJoseHerrera"]
[Black "maximnovik"]
[Result "1-0"]
[WhiteElo "2750"]
[BlackElo "2508"]
[TimeControl "180+1"]
[EndTime "15:58:15 PDT"]
[Termination "FMJoseHerrera won on time"]

1. Nf3 Nf6 2. g3 d5 3. Bg2 g6 4. d3 Bg7 5. Nc3 d4 6. Nb1 O-O 7. h4 c5 8. h5 Nxh5 9. Bg5 Nc6 10. Qd2 Qb6 11. c3 Bg4 12. c4 f6 13. Bh4 g5 14.
b3 gxh4 15. Rxh4 f5 16. Ng5 Nf6 17. Ne6 Rf7 18. Nxg7 Rxg7 19. Qh6 Rg6 20. Bd5+ Nxd5 21.
Qxh7+ Kf8 22. Qxg6 e6 23. cxd5 Qa5+ 24. Nd2 1-0

[Event "Late-Titled-Tuesday-Blitz-October-10-2023"]
[Site "Chess.com"]
[Date "2023.10.10"]
[Round "11"]
[White "Schwindle"]
[Black "miraitrunks"]
[Result "1-0"]
[WhiteElo "2407"]
[BlackElo "2247"]
[TimeControl "180+1"]
[EndTime "15:58:34 PDT"]
[Termination "Schwindle won by resignation"]

1. e4 c5 2. Nf3 Nc6 3. d4 cxd4 4. Nxd4 e5 5. Nb5 a6 6. Nd6+ Bxd6 7. Qxd6 Qf6 8. Qd1 Nge7 9. Be2 O-O 10. O-O Rd8 11. Nc3 b5 12. Nd5 Nxd5 13. exd5 Nd4 14. Bd3 d6 15. Qh5 g6 16. Qh6 Nf5 17. Bxf5 Bxf5 18.
Bg5 Qg7 19. Qxg7+ Kxg7 20. Bxd8 Rxd8 21. Rac1 Rc8 22. Rfd1 Rc5 23. Rd2 Be4 24. f3 Bxd5 25. b4 1-0

[Event "Late-Titled-Tuesday-Blitz-October-10-2023"]
[Site "Chess.com"]
[Date "2023.10.10"]
[Round "11"]
[White "Sofiia_Hryzlova"]
[Black "HajiyevKanan"]
[Result "1-0"]
[WhiteElo "2427"]
[BlackElo "2540"]
[TimeControl "180+1"]
[EndTime "15:58:36 PDT"]
[Termination "Sofiia_Hryzlova won by resignation"]

1. c3 c6 2. Qa4 d5 3. Qh4 Nf6 4. f3 Bf5 5. Kd1 e5 6. Qe1 Bc5 7. e3 O-O 8. d4 exd4 9. exd4 Bd6 10. g4 Re8 11. Qf2 Nxg4 12. fxg4 Bxg4+ 13. Be2 Qd7 14. h3 Bf5 15. Bf4 Bxf4 16. Qxf4 Re4 17. Qf2 g5 18.
Nd2 Rf4 19. Qg3 h6 20. Ngf3 Qd6 21. h4 g4 22. Ne5 Re4 23. Nxe4 Bxe4 24. Qxg4+ Kf8 25.
Rf1 f6 26. Qc8+ Ke7 27. Qxb7+ Nd7 28. Nxd7 Rg8 29. Nxf6+ Ke6 30. Nxg8 1-0

[Event "Late-Titled-Tuesday-Blitz-October-10-2023"]
[Site "Chess.com"]
[Date "2023.10.10"]
[Round "11"]
[White "Dacean99"]
[Black "emeli_chess"]
[Result "0-1"]
[WhiteElo "2555"]
[BlackElo "2407"]
[TimeControl "180+1"]
[EndTime "15:58:43 PDT"]
[Termination "emeli_chess won by checkmate"]

1. d4 Nf6 2. Nf3 d5 3. c4 e6 4. cxd5 exd5 5. Nc3 Bb4 6. Bg5 h6 7. Bxf6 Qxf6 8. e3 O-O 9. Bd3 c5 10. O-O Bxc3 11. bxc3 c4 12. Bc2 Nc6 13. e4 dxe4 14. Bxe4 Bf5 15. Re1 Bxe4 16. Rxe4 Rfe8 17. Qe2 Rxe4 18.
Qxe4 Rd8 19. Re1 Qd6 20. h3 b5 21. Nh4 Qd5 22. Qg4 Qg5 23. Qe4 Qd5 24. Qf4 Qg5 25.
Qc7 Nxd4 26. cxd4 Qxh4 27. Qxa7 Qxd4 28. Re8+ Kh7 29. Qxf7 Rxe8 30. Qxe8 c3 31. Kh2 Qf4+ 32. Kg1 c2 33. Qxb5 c1=Q+ 34. Qf1 Qxf1+ 35. Kxf1 Qc4+ 36.
Ke1 Qxa2 37. h4 g5 38. g4 gxh4 39. Kf1 Kg6 40. Kg2 Kg5 41. Kh3 Qb3+ 42. f3 Qxf3+ 43.
Kh2 Qg3+ 44. Kh1 Kf4 45. g5 h3 46. gxh6 Qg2# 0-1

[Event "Late-Titled-Tuesday-Blitz-October-10-2023"]
[Site "Chess.com"]
[Date "2023.10.10"]
[Round "11"]
[White "canary2016"]
[Black "Nekoo04"]
[Result "0-1"]
[WhiteElo "2176"]
[BlackElo "2269"]
[TimeControl "180+1"]
[EndTime "15:58:51 PDT"]
[Termination "Nekoo04 won by resignation"]

1. e4 c5 2. d4 cxd4 3. c3 dxc3 4. Nxc3 d6 5. Nf3 e6 6. Bb5+ Bd7 7. O-O Nf6 8. Bf4 e5 9. Bg3 Nc6 10. Rc1 Be7 11. Re1 O-O 12. Nd5 a6 13. Ba4 Nxd5 14.
exd5 Nb8 15. Bc2 Bg4 16. Qd3 f5 17. Nd2 Nd7 18. h3 Bh5 19. Nf1 Rc8 20. Bh2 Bg6 21.
Qd2 Bg5 22. f4 Bf6 23. Qe2 e4 24. Ne3 Bxb2 25. Rb1 Bd4 26. Rxb7 Bxe3+ 27. Qxe3 Rxc2 28. Qa7 Be8 29. Reb1 Qa5 30. Rxd7 Bxd7 31. Qxd7 Qxa2 32. Qe6+ Kh8 0-1

[Event "Late-Titled-Tuesday-Blitz-October-10-2023"]
[Site "Chess.com"]
[Date "2023.10.10"]
[Round "11"]
[White "Javylavilla"]
[Black "YouShallNotPass001"]
[Result "1-0"]
[WhiteElo "2346"]
[BlackElo "2394"]
[TimeControl "180+1"]
[EndTime "15:58:53 PDT"]
[Termination "Javylavilla won by resignation"]

1. e4 Nf6 2. e5 Nd5 3. c4 Nb6 4. d4 d6 5. exd6 exd6 6. Nc3 Be7 7.
Be3 O-O 8. Bd3 Nc6 9. Nge2 Bf6 10. O-O Bg4 11. f3 Bc8 12. Rc1 Re8 13. Bf2 d5 14. c5 Nc4 15. Nxd5 Nxb2 16. Nxf6+ Qxf6 17. Bxh7+ Kxh7 18. Qc2+ Qg6 19. Qxb2 Bf5 20. Ng3 b6 21. d5 Ne5 22. Qd4 Nd3 23. Rc3 Nxc5 24. Qh4+ Kg8 25.
Bxc5 bxc5 26. Rxc5 Bd3 27. Rfc1 Rad8 28. Qd4 Rd6 29.
Rxc7 Red8 30. R7c5 Bb1 31. Ne4 Bxe4 32. fxe4 Ra6 33.
R5c2 Re8 34. e5 Qg5 35. Re1 Ra5 36. Rce2 Rd8 37. d6 Ra6 38. Qc4 Ra4 39. Qxa4 1-0

[Event "Late-Titled-Tuesday-Blitz-October-10-2023"]
[Site "Chess.com"]
[Date "2023.10.10"]
[Round "11"]
[White "Mariia89"]
[Black "nitpicker"]
[Result "0-1"]
[WhiteElo "2075"]
[BlackElo "2247"]
[TimeControl "180+1"]
[EndTime "15:59:11 PDT"]
[Termination "nitpicker won by resignation"]

1. d4 Nf6 2. Nf3 b6 3. c4 e6 4.
a3 Bb7 5. Nc3 d5 6. Bg5 Be7 7. e3 Nbd7 8. Bd3 O-O 9. O-O c5 10.
cxd5 exd5 11. Rc1 Rc8 12. Bb1 Re8 13. Re1 Ne4 14. Bf4 Bf6 15. Nb5 a6 16. Nd6 Nxd6 17. Bxd6 Re6 18. Bg3 g6 19. h4 Bg7 20. h5 c4 21. hxg6 hxg6 22. Bh4 Bf6 23. Bxf6 Qxf6 24. Qa4 b5 25. Qb4 Kg7 26. a4 Bc6 27. axb5 axb5 28.
b3 Rh8 29. bxc4 bxc4 30. g3 Qxf3 0-1

[Event "Late-Titled-Tuesday-Blitz-October-10-2023"]
[Site "Chess.com"]
[Date "2023.10.10"]
[Round "11"]
[White "BeyondMadness"]
[Black "Mikhal867"]
[Result "0-1"]
[WhiteElo "2318"]
[BlackElo "2457"]
[TimeControl "180+1"]
[EndTime "15:59:20 PDT"]
[Termination "Mikhal867 won by resignation"]

1. d4 Nf6 2. c4 g6 3. Nc3 Bg7 4. e4 O-O 5. Bd3 d6 6. Nge2 Nc6 7. O-O Nd7 8. Bc2 e5 9. d5 Nd4 10. Be3 Nxc2 11. Qxc2 a5 12. b3 f5 13. exf5 gxf5 14. f4 e4 15. Bd4 Nc5 16. Bxg7 Kxg7 17. g4 fxg4 18. Nxe4 Nxe4 19. Qxe4 Re8 20. Qd4+ Qf6 21. Rae1 Bd7 22. Qxf6+ Kxf6 23. Ng3 a4 24. b4 a3 25.
Kf2 Ra4 26. Rxe8 Bxe8 27. Rb1 Bg6 28. Rb3 Bc2 29. Rc3 Bb1 30. Ne2 Bxa2 31. Nc1 Bb1 32. b5 a2 0-1

[Event "Late-Titled-Tuesday-Blitz-October-10-2023"]
[Site "Chess.com"]
[Date "2023.10.10"]
[Round "11"]
[White "schondeln"]
[Black "dorpato"]
[Result "1-0"]
[WhiteElo "2384"]
[BlackElo "2091"]
[TimeControl "180+1"]
[EndTime "15:59:28 PDT"]
[Termination "schondeln won by resignation"]

1. e4 c5 2. Nf3 d6 3. Bc4 Nf6 4. d3 Nc6 5. c3 e6 6. Bb3 Be7 7. O-O O-O 8. Re1 a6 9. Nbd2 b5 10. d4 c4 11. Bc2 Bb7 12. b4 a5 13. bxa5 Rxa5 14. a4 Qa8 15. Bb2 b4 16. Nxc4 Ra6 17. d5 bxc3 18. Bxc3 Nb8 19. dxe6 fxe6 20. Nd4 Rc8 21.
Bd3 Bxe4 22. Nxe6 Bxd3 23. Qxd3 Rac6 24. Bxf6 Bxf6 25. Qd5 Ra6 26. Ng5+ Kh8 27. Nf7+ Kg8 28. Nh6+ Kh8 29. Qg8+ 1-0

[Event "Late-Titled-Tuesday-Blitz-October-10-2023"]
[Site "Chess.com"]
[Date "2023.10.10"]
[Round "11"]
[White "talaicito"]
[Black "McCarthyStone"]
[Result "1-0"]
[WhiteElo "2236"]
[BlackElo "2410"]
[TimeControl "180+1"]
[EndTime "15:59:32 PDT"]
[Termination "talaicito won on time"]

1. d4 d5 2. Nc3 c6 3. Bf4 Nf6 4.
e3 b5 5. a3 g6 6. Nf3 Bg7 7. Ne5 O-O 8. Bd3 Qb6 9. h4 h5 10.
f3 Nbd7 11. Qd2 b4 12. Na4 Qb7 13. Qxb4 Nxe5 14. Bxe5 Nd7 15. Bxg7 Kxg7 16. Qxe7 Qc7 17. O-O-O Rb8 18. g4 Qa5 19. b3 Nf6 20. gxh5 Nxh5 21. Qe5+ Nf6 22. Qxb8 Bf5 23. Qb4 Qc7 24. Bxf5 gxf5 25.
Rdg1+ Kh7 26. Qxf8 1-0

[Event "Late-Titled-Tuesday-Blitz-October-10-2023"]
[Site "Chess.com"]
[Date "2023.10.10"]
[Round "11"]
[White "howitzer14"]
[Black "giomar27"]
[Result "1-0"]
[WhiteElo "2972"]
[BlackElo "2305"]
[TimeControl "180+1"]
[EndTime "15:59:33 PDT"]
[Termination "howitzer14 won by checkmate"]

1. d4 Nf6 2. Nf3 d5 3. Bf4 c5 4. e3 Qb6 5. Nc3 a6 6. Na4 Qa5+ 7. c3 cxd4 8. exd4 Nc6 9. Bd3 g6 10. h3 Bg7 11. O-O O-O 12. Re1 Bf5 13. Bxf5 gxf5 14. Nc5 b5 15. Ne5 Nxe5 16. Bxe5 Qd8 17. Bxf6 Bxf6 18.
Qh5 e6 19. g4 fxg4 20. hxg4 Be7 21. Re3 Bg5 22. Rh3 h6 23. Nd3 f5 24. Qg6+ Kh8 25. Rxh6+ Bxh6 26. Qxh6+ Kg8 27. Qg6+ Kh8 28. Kg2 Qh4 29. Rh1 Qxh1+ 30. Kxh1 fxg4 31. Ne5 Ra7 32. Kg2 Rg7 33. Qh6+ Rh7 34. Qxf8# 1-0

[Event "Late-Titled-Tuesday-Blitz-October-10-2023"]
[Site "Chess.com"]
[Date "2023.10.10"]
[Round "11"]
[White "MathiasWomacka"]
[Black "Kostukov_Alex"]
[Result "1-0"]
[WhiteElo "2533"]
[BlackElo "2391"]
[TimeControl "180+1"]
[EndTime "15:59:34 PDT"]
[Termination "MathiasWomacka won by resignation"]

1. e4 c5 2. Nf3 g6 3. d4 cxd4 4. Nxd4 Bg7 5. c4 Nc6 6. Be3 Nf6 7. Nc3 O-O 8. Be2 Nxd4 9. Bxd4 Qa5 10. O-O d6 11. a3 Be6 12. b4 Qd8 13. Rc1 a5 14. f4 axb4 15. axb4 Rc8 16. Nd5 Bxd5 17. exd5 Nd7 18.
Bxg7 Kxg7 19. Qd4+ Kg8 20. c5 Qc7 21. c6 bxc6 22.
dxc6 Qb6 23. Rfd1 Qxd4+ 24. Rxd4 Nb6 25. c7 Ra8 26. Rc6 Nc8 27. b5 Ra1+ 28. Rd1 Ra2 29. Rb1 Na7 30. Ra6 Rxa6 31. bxa6 Rc8 32. Rb7 Nc6 33. Bb5 Nd4 34. Bd7 1-0

[Event "Late-Titled-Tuesday-Blitz-October-10-2023"]
[Site "Chess.com"]
[Date "2023.10.10"]
[Round "11"]
[White "IngOscarArdila"]
[Black "KorolDimitriy75"]
[Result "1-0"]
[WhiteElo "2328"]
[BlackElo "2385"]
[TimeControl "180+1"]
[EndTime "15:59:47 PDT"]
[Termination "IngOscarArdila won on time"]

1. d4 Nf6 2. c4 c5 3. d5 b5 4.
cxb5 a6 5. bxa6 g6 6. Nc3 Bxa6 7. e4 Bxf1 8. Kxf1 d6 9. Nf3 Bg7 10. Qe2 O-O 11. g3 Nbd7 12. Kg2 Ra7 13. Re1 Qa8 14. Bf4 Nb6 15. Rad1 Na4 16. Nxa4 Rxa4 17. e5 Nxd5 18. exd6 Nxf4+ 19. gxf4 exd6 20. a3 d5 21. Kg3 Rb8 22. Ne5 Qb7 23. Rd2 Re4 24. Qd1 Rxe1 25. Qxe1 d4 26. Qc1 Qd5 27. Rc2 Bxe5 28. fxe5 Qxe5+ 29. f4 Rb3+ 30. Kf2 Qe4 31. Re2 Qf3+ 32. Ke1 1-0

[Event "Late-Titled-Tuesday-Blitz-October-10-2023"]
[Site "Chess.com"]
[Date "2023.10.10"]
[Round "11"]
[White "hakanazeri2"]
[Black "stasOR4ik"]
[Result "1-0"]
[WhiteElo "2603"]
[BlackElo "2461"]
[TimeControl "180+1"]
[EndTime "15:59:48 PDT"]
[Termination "hakanazeri2 won by resignation"]

1. Nf3 d5 2. d4 Nf6 3. c4 c6 4. Nc3 dxc4 5. a4 Bf5 6. Ne5 e6 7.
f3 Nbd7 8. Nxc4 Bb4 9. e4 Nxe4 10. fxe4 Qh4+ 11. Kd2 Qf2+ 12. Be2 Qxd4+ 13. Kc2 Bxe4+ 14.
Kb3 Bxc3 15. bxc3 Nc5+ 16. Kb2 Qf2 17. Be3 Nd3+ 18. Kb3 Qxg2 19. Nd6+ Ke7 20. Nxe4 Qf2 1-0

[Event "Late-Titled-Tuesday-Blitz-October-10-2023"]
[Site "Chess.com"]
[Date "2023.10.10"]
[Round "11"]
[White "Firouzja2003"]
[Black "Beca95"]
[Result "1/2-1/2"]
[WhiteElo "3050"]
[BlackElo "2866"]
[TimeControl "180+1"]
[EndTime "15:59:50 PDT"]
[Termination "Game drawn by stalemate"]

1. d4 Nf6 2. Nc3 d5 3. Bf4 a6 4. e3 b5 5. Nf3 Bb7 6. Bd3 e6 7. Ne2 c5 8. h3 Nc6 9. c3 Bd6 10. Bxd6 Qxd6 11. O-O O-O 12. Ng3 Rfe8 13. e4 cxd4 14.
Re1 dxe4 15. Nxe4 Nxe4 16. Bxe4 Rad8 17. cxd4 Na5 18. Rc1 Bxe4 19. Rxe4 Nc4 20. b3 Nb6 21. Qe2 Rc8 22. Re1 Nd5 23. Qd2 Qb4 24. Qg5 Qe7 25. Qg3 Qc7 26. Qg5 h6 27. Qh4 Qe7 28. Qg3 Rc3 29. Qe5 Qc7 30. Rg4 Qxe5 31. Nxe5 Rec8 32.
Rge4 a5 33. Nd7 Rc2 34. R4e2 Rxe2 35. Rxe2 Rc1+ 36. Kh2 b4 37. Ne5 g5 38. Nc4 a4 39.
Ne5 axb3 40. axb3 Rb1 41. Ra2 Rxb3 42. Ra8+ Kg7 43. Ra7 Rb1 44. Rxf7+ Kg8 45. Rb7 b3 46. Nf7 Nf4 47. Nxh6+ Kf8 48. Nf7 Nd3 49. Nxg5 b2 50.
Nxe6+ Ke8 51. Nc5 Nxf2 52. Kg3 Nd1 53. Nd3 Ra1 54. Nxb2 Rb1 55. h4 Rxb2 56. Rxb2 Nxb2 57. Kf4 Kf7 58. Kf5 Nc4 59. g4 Ne3+ 60. Kf4 Nd5+ 61. Kf5 Ne3+ 62. Kg5 Nd5 63. h5 Ne7 64. h6 Ng6 65. Kf5 Ne7+ 66. Ke4 Kg6 67. g5 Kxg5 68. h7 Ng6 69. d5 Kf6 70. d6 Ke6 71. d7 Kxd7 72.
Kf5 Nh8 73. Kf6 Ke8 74. Kg7 Ke7 75. Kg8 Ke8 76. Kxh8 Kf8 1/2-1/2

[Event "Late-Titled-Tuesday-Blitz-October-10-2023"]
[Site "Chess.com"]
[Date "2023.10.10"]
[Round "11"]
[White "Byniolus"]
[Black "ThaBarWa"]
[Result "1-0"]
[WhiteElo "2686"]
[BlackElo "2434"]
[TimeControl "180+1"]
[EndTime "15:59:50 PDT"]
[Termination "Byniolus won by resignation"]

1. e3 e6 2. d3 f5 3. f3 Nf6 4.
g3 Be7 5. h3 O-O 6. Ne2 d6 7.
c3 e5 8. b3 Nc6 9. a3 a5 10. Bg2 Be6 11. O-O Kh8 12. Kh2 Qd7 13. Bb2 Rg8 14. c4 Raf8 15. d4 exd4 16. exd4 d5 17.
c5 g5 18. Nbc3 Bd8 19. Qd3 Ne7 20. Rae1 c6 21. b4 axb4 22. axb4 Bc7 23. Bc1 h5 24. Kh1 Bb8 25. b5 h4 26. g4 Qc7 27. f4 fxg4 28. b6 Qd7 29. fxg5 gxh3 30. Bf3 Ne4 31. Nxe4 dxe4 32. Bxe4 Bd5 33. Nc3 Qg4 34.
Nxd5 cxd5 35. Bf3 Qg3 36. Qe2 Ng6 37. Bxd5 Re8 38. Qh5+ 1-0

[Event "Late-Titled-Tuesday-Blitz-October-10-2023"]
[Site "Chess.com"]
[Date "2023.10.10"]
[Round "11"]
[White "GlavkonVVS"]
[Black "Mackster23"]
[Result "1-0"]
[WhiteElo "2566"]
[BlackElo "2658"]
[TimeControl "180+1"]
[EndTime "15:59:53 PDT"]
[Termination "GlavkonVVS won on time"]

1. c4 Nf6 2. Nc3 g6 3. Nf3 Bg7 4.
d4 O-O 5. Bg5 h6 6. Bh4 d6 7. e3 Nbd7 8. h3 e5 9. Be2 c6 10. O-O Qa5 11. a3 e4 12. Nd2 d5 13. b4 Qc7 14. Rc1 dxc4 15. Nxc4 Re8 16. Bg3 Qd8 17. Nd6 Re7 18. Qc2 Nb6 19. Ncxe4 Nxe4 20.
Nxe4 Bf5 21. Bd3 Nd5 22. Nc5 Bxd3 23. Qxd3 f5 24. Qb3 Kh7 25. Nd3 Re4 26. b5 Qb6 27. a4 Rae8 28. Be5 a6 29. Bxg7 Kxg7 30. Nc5 R4e7 31.
bxc6 Qxc6 32. Nd3 Qd6 33. Rc5 Nxe3 34. fxe3 Rxe3 35. Qc4 R8e4 36. Rd5 Qe6 37. Ne5 Re2 38. Rd7+ Kf6 39. Qc8 Kg5 40. Qd8+ Kh5 41. Re7 1-0

[Event "Late-Titled-Tuesday-Blitz-October-10-2023"]
[Site "Chess.com"]
[Date "2023.10.10"]
[Round "11"]
[White "CarlosjPineror"]
[Black "The_Princess_Moon"]
[Result "1-0"]
[WhiteElo "2498"]
[BlackElo "2319"]
[TimeControl "180+1"]
[EndTime "15:59:57 PDT"]
[Termination "CarlosjPineror won on time"]

1. e4 c5 2. Nf3 a6 3. c3 d5 4.
e5 Bf5 5. d4 e6 6. Bd3 Bg6 7.
O-O Nc6 8. a3 c4 9. Bxg6 hxg6 10.
Bg5 Qb6 11. Nbd2 Na5 12. Rb1 Nh6 13. Qa4+ Nc6 14. b3 cxb3 15. Rxb3 Qa5 16. Qxa5 Nxa5 17. Rb6 Rb8 18. Rfb1 Kd7 19. a4 Nf5 20. g4 Ne7 21. Be3 Nc8 22. R6b2 Ba3 23. Rc2 Nc4 24. Nxc4 dxc4 25. Nd2 b5 26. axb5 Rxb5 27. Ra1 Rb2 28. Rxb2 Bxb2 29. Rxa6 Bxc3 30. Nxc4 Rh4 31. f3 Rh3 32. Kg2 Rh4 33. Ra8 Rh7 34. Rb8 f6 35. Rb7+ Kc6 36. Rf7 f5 37. h3 Rh8 38. Rxg7 fxg4 39.
hxg4 Rd8 40. Rxg6 Kd5 41. Nd2 Bxd2 42. Bxd2 Kxd4 43. Bf4 Kd3 44. Rxe6 Ke2 45. Rc6 Rf8 46. Rc2+ 1-0

[Event "Late-Titled-Tuesday-Blitz-October-10-2023"]
[Site "Chess.com"]
[Date "2023.10.10"]
[Round "11"]
[White "ferrufino64"]
[Black "victormago"]
[Result "0-1"]
[WhiteElo "2205"]
[BlackElo "2478"]
[TimeControl "180+1"]
[EndTime "16:00:00 PDT"]
[Termination "victormago won by checkmate"]

1. e4 c5 2. Nf3 d6 3. d4 cxd4 4. Nxd4 Nf6 5. Nc3 a6 6. Be3 e5 7.
Nb3 Be6 8. f3 Be7 9. Qd2 O-O 10.
O-O-O a5 11. Bb5 Na6 12. Kb1 Nc7 13. a4 Qb8 14. g4 d5 15. exd5 Nfxd5 16. Nxd5 Nxd5 17. Nc5 Bxc5 18. Bxc5 Rc8 19. Ba3 Qc7 20. Rhe1 f6 21. g5 fxg5 22. c4 Nf4 23. Bd6 Qf7 24. c5 Bb3 25. Rc1 Qf5+ 26. Ka1 Re8 27. Bxe8 Rxe8 28.
Qxa5 Nd3 29. Qb5 Bf7 30. Qxb7 Nxe1 31. Rxe1 Qc2 32. Qb4 Ra8 33. a5 Qd3 34. Rxe5 Qd1# 0-1

[Event "Late-Titled-Tuesday-Blitz-October-10-2023"]
[Site "Chess.com"]
[Date "2023.10.10"]
[Round "11"]
[White "Blackwhite017"]
[Black "flukeyNZ"]
[Result "0-1"]
[WhiteElo "2040"]
[BlackElo "2243"]
[TimeControl "180+1"]
[EndTime "16:00:00 PDT"]
[Termination "flukeyNZ won by checkmate"]

1. e4 e6 2. d3 d5 3. Nd2 c5 4. Ngf3 Nc6 5. g3 Bd6 6. Bg2 Nge7 7. O-O O-O 8. Re1 f6 9. Nf1 Qc7 10. h4 Bd7 11. exd5 exd5 12. N1h2 Rae8 13. b3 b5 14. a4 b4 15. Bb2 d4 16. Nd2 Ne5 17.
f4 Nf7 18. Nc4 Bc6 19. Bh3 Ba8 20. Re6 Qb7 21. Kf2 Bc7 22. Qe2 Bd8 23. Re1 Ne5 24. Nxe5 fxe5 25. Qxe5 Ng6 26. Qxc5 Rxe6 27. Bxe6+ Kh8 28.
h5 Qg2# 0-1

[Event "Late-Titled-Tuesday-Blitz-October-10-2023"]
[Site "Chess.com"]
[Date "2023.10.10"]
[Round "11"]
[White "hellokostya"]
[Black "Necromon"]
[Result "1/2-1/2"]
[WhiteElo "2626"]
[BlackElo "2490"]
[TimeControl "180+1"]
[EndTime "16:00:05 PDT"]
[Termination "Game drawn by repetition"]

1. d4 d5 2. c4 e6 3. Nf3 Nf6 4. Nc3 Be7 5. Bf4 O-O 6. e3 Nbd7 7. Qc2 c6 8. h3 b6 9. cxd5 cxd5 10. Bd3 Bb7 11. O-O a6 12. Rfc1 b5 13. Qb3 Ne4 14.
Qd1 Qa5 15. Rc2 b4 16. Bc7 Qxc7 17. Nxe4 Qb6 18. Ned2 Rfc8 19. Rac1 a5 20. Rxc8+ Rxc8 21. Rxc8+ Bxc8 22. Qa4 Nf6 23. Nb3 Bd8 24. Ne5 Bc7 25.
Ng4 Ba6 26. Nxf6+ gxf6 27. Qe8+ Kg7 28. Bxa6 Qxa6 29. Qd7 Qc4 30. g3 a4 31. Nc5 Bxg3 32.
fxg3 Qc1+ 33. Kf2 Qd2+ 34. Kf3 Qd1+ 35. Kf2 Qd2+ 36. Kf3 Qd1+ 37. Kf2 Qd2+ 1/2-1/2